Unix NetHack Version 5.0.0-0 post-release - last build May 23 2026 06:08:33 (1c0ff79ee797540d5714e4e18072db0edd9e58ae,branch:main).

Game began 2026-05-24 02:40:12, ended 2026-05-24 03:15:25.

CygnusLR2, lawful female dwarven Valkyrie

                             ---          ---
                           ---.---     ----.---
                           |.....--   --.|....-----
                           |.......----.........(.--
                           ---^..........--....--..------
                             --...--.....|---..|--......---
                              ----- -..---  ---- ------...--
                                    ...--.            ---..--
                                    ....*.              |...|
                                   -......             --..--
                                  -.......             |...------
                                  ). .....             --......<-
                                   -......              -------..
                                   |.@....                    ---
                                   |.....-
                                  --.. ...
                                 --......-
                                 |.......--
                                 ----.--..|
                                    ---|..|
                                       ----
CygnusLR2 the Skirmisher    St:18/02 Dx:15 Co:14 In:9 Wi:8 Ch:10  Lawful
Dlvl:6  $:75 HP:0(34) Pw:5(5) AC:0  Xp:4 T:3461  Blind

Latest messages:
 It misses!
 It hits!
 It misses!
 It misses!
 It bites!
 It misses!
 It misses!
 It bites!
 Are you sure you want to pray? [yn] (n) y
 You begin praying to Tyr.
 You feel something move nearby.
 You feel something move nearby.
 You feel something move nearby.
 You feel something move nearby.
 You feel something move nearby.
 You feel something move nearby.
 You finish your prayer.
 You feel that Tyr is well-pleased.
 You hear some noises.
 It bites!
 What do you want to write with? [- abhmrv or ?*] ?
 You write in the dust with your fingertip.
 What do you want to write in the dust here? Elbereth
 You feel an unseen monster!
 You feel an unseen monster!
 You feel an unseen monster!
 It hits!
 It misses!
 It bites!
 It hits!
 It bites!
 It misses!
 You feel an unseen monster!
 You hear some noises.
 You feel an unseen monster!
 You feel an unseen monster!
 You feel an unseen monster!
 There is nothing here to pick up.
 You feel an unseen monster!
 You are hit.
 You feel an unseen monster!
 You hear some noises.
 You hear a blast.
 You are caught in the explosion!
 It is fatal.
 Do you want your possessions identified? [ynq] (y) n
 Do you want to see your attributes? [ynq] (y) y
 Do you want an account of creatures vanquished? [ynaq] (y) n
 Do you want to see your conduct and achievements? [ynq] (y) y
 Do you want to see the dungeon overview? [ynq] (y) y

Inventory:
 Coins    ('$')
  $ - 75 gold pieces
 Weapons  (')')
  r - a cursed -1 sling
  h - 9 +0 darts
  b - a +0 dagger (alternate weapon; not wielded)
  a - a rusty +1 dwarvish spear (weapon in right hand)
 Armor    ('[')
  j - an uncursed +0 orcish helm (being worn)
  z - an uncursed +0 orcish helm
  c - an uncursed +3 small shield (being worn)
  s - an uncursed +0 elven mithril-coat (being worn)
  o - an uncursed +0 orcish chain mail
 Comestibles  ('%')
  E - an uncursed clove of garlic
  d - 2 uncursed food rations
  u - an uncursed tin of smoked rock mole meat
  D - an uncursed lichen corpse
 Scrolls  ('?')
  g - an uncursed scroll of light
  x - an uncursed scroll of magic mapping
  w - an uncursed scroll of teleportation
 Spellbooks  ('+')
  n - an uncursed spellbook of turn undead
 Potions  ('!')
  t - an uncursed potion of acid
  q - a cursed potion of gain energy
  k - an uncursed potion of healing
  y - a cursed potion of healing
 Rings    ('=')
  v - a cursed ring of aggravate monster named curse
 Tools    ('(')
  f - an empty uncursed sack
  e - an uncursed oil lamp
  C - an uncursed tallow candle
  m - an uncursed towel

CygnusLR2 the Valkyrie's attributes:

Background:
 You were a Skirmisher, a level 4 dwarven Valkyrie.
 You were lawful, on a mission for Tyr
 who was opposed by Odin (neutral) and Loki (chaotic).
 You were right-handed.
 You were in the Gnomish Mines, on level 6.
 You entered the dungeon 3461 turns ago.
 It was nighttime.
 You had 122 experience points, 38 more were needed to attain level 5.

Basics:
 You had 0 out of 34 hit points.
 You had all 5 energy points (spell power).
 Your armor class was 0.
 Your wallet contained 75 zorkmids.
 Autopickup was off.

Final Characteristics:
 Your strength was 18/02 (limit:18/100).
 Your dexterity was 15 (limit:20).
 Your constitution was 14 (limit:20).
 Your intelligence was 9 (limit:16).
 Your wisdom was 8 (limit:16).
 Your charisma was 10 (limit:16).

Final Status:
 You were temporarily blind.
 You weren't hungry.
 You were unencumbered.
 You were wielding a spear.
 You had basic skill with spear.

Final Attributes:
 You were piously aligned.
 You were cold resistant.
 You had infravision.
 You were stealthy.
 You were guarded.
 You are dead.

Miscellaneous:
 You didn't encounter any bones levels.
 Total elapsed playing time was 35 minutes and 12 seconds.

Major events:
 Turn
    1: CygnusLR2 the lawful dwarven Valkyrie entered the dungeon
 1963: attained the rank of Skirmisher (level 3)
 2810: entered the Gnomish Mines
 3461: killed by a gas spore's explosion

You didn't know any spells.

Skills:
 Fighting Skills
   bare handed combat [Unskilled]
   two weapon combat  [Unskilled]
   riding             [Unskilled]
 Weapon Skills
   dagger             [Basic]
   axe                [Unskilled]
   pick-axe           [Unskilled]
   short sword        [Unskilled]
   broadsword         [Unskilled]
   long sword         [Unskilled]
   two-handed sword   [Unskilled]
   saber              [Unskilled]
   hammer             [Unskilled]
   quarterstaff       [Unskilled]
   polearms           [Unskilled]
   spear              [Basic]
   trident            [Unskilled]
   lance              [Unskilled]
   sling              [Unskilled]
 Spellcasting Skills
   attack spells      [Unskilled]
   escape spells      [Unskilled]

Voluntary challenges:
 Character rerolling was not enabled.
 You never genocided any monsters.
 You never polymorphed an object.
 You never changed form.
 You used no wishes.
Achievements:
 You attained the rank of Skirmisher.
 You entered the Gnomish Mines.

 The Dungeons of Doom: levels 1 to 6
    Level 1:
       A fountain.
    Level 2:
       A fountain.
    Level 3:
       Some fountains.
    Level 4:
       Stairs down to The Gnomish Mines.
    Level 5:
    Level 6:
       A fountain.
 The Gnomish Mines: levels 5 to 6
    Level 5:
    Level 6: <- You were here.
       Final resting place for
          you, killed by a gas spore's explosion.


Vanquished creatures:
  a rock mole
  a yellow light
  3 gnome leaders
  a giant ant
  2 kittens
  a kobold shaman
  a rothe
  a centipede
  a werejackal
 an iguana
 an acid blob
  2 gas spores
  a hobbit
  a hobgoblin
  3 yellow molds
  6 gnomes
  a gnome zombie
  2 geckos
  5 jackals
  a fox
  a kobold
  a goblin
  5 grid bugs
  a bat
  4 lichens
  2 kobold zombies
  7 newts
57 creatures vanquished.

No species were genocided or became extinct.

Game over:
                       ----------
                      /          \
                     /    REST    \
                    /      IN      \
                   /     PEACE      \
                  /                  \
                  |    CygnusLR2     |
                  |      75 Au       |
                  | killed by a gas  |
                  |     spore's      |
                  |    explosion     |
                  |                  |
                  |       2026       |
                 *|     *  *  *      | *
        _________)/\\_//(\/(/\)/\//\/|_)_______

Farvel CygnusLR2 the Valkyrie...

You died in The Gnomish Mines on dungeon level 6 with 816 points,
and 75 pieces of gold, after 3461 moves.
You were level 4 with a maximum of 34 hit points when you died.

